 Dungeon Sprint DCSS version 0.29-a0-297-g7659ce593d (webtiles) character file.

Game seed: 5803934491730037469

900000 namelastname112 the Warrior (level 11, -10/107 HPs)
             Began as a Demonspawn Monk on Mar 20, 2022.
             Was a Believer of Makhleb.
             Mangled by a meat berserker
             ... wielding a +9 battleaxe
              (64 damage)
             ... in the Dungeon (Sprint VIII: "Arena of Blood").
             The game lasted 00:00:23 (9 turns).

namelastname112 the Warrior (Demonspawn Monk)          Turns: 9, Time: 00:00:23

Health: -10/107    AC:  5    Str: 12    XL:     11   Next: 78%
Magic:  11/11      EV: 23    Int: 11    God:    Makhleb [**....]
Gold:   0          SH:  0    Dex: 20    Spells: 10/10 levels left

rFire   . . .      SeeInvis .   j - +∞ Axe of Woe
rCold   . . .      Faith    .   (shield currently unavailable)
rNeg    . . .      Spirit   .   b - +0 robe
rPois   .          Reflect  .   (helmet unavailable)
rElec   .          Harm     .   (no cloak)
rCorr   .          Rampage  .   (no gloves)
Will    .....      NoTele   +   (no boots)
Stlth   ++++......              (no amulet)
HPRegen 0.27/turn               (no ring)
MPRegen 0.12/turn               (no ring)

@: no status effects
A: horns 3, molten scales 2, powered by pain 2
a: Renounce Religion, Minor Destruction


You were in the Dungeon.
You worshipped Makhleb.
Makhleb was pleased with you.
You visited 1 branch

Inventory:

Hand Weapons
 a - a +0 hand axe
 j - the +∞ Axe of Woe (weapon)
   (You found it in the Dungeon)
Armour
 b - a +0 robe (worn)
Scrolls
 i - a scroll of blinking
Potions
 c - a potion of ambrosia
 d - a potion of curing
 e - a potion of heal wounds
 f - a potion of haste
 g - 2 potions of magic
 h - a potion of berserk rage


   Skills:
 + Level 17.2 Fighting
 + Level 15.9 Axes
 + Level 15.7 Dodging
 + Level 7.1 Stealth


You had 10 spell levels left.
You didn't know any spells.
Your spell library was empty.

Dungeon Overview and Level Annotations

Branches:
Dungeon (1/1)

Altars:
Makhleb


Innate Abilities, Weirdness & Mutations

You have a pair of large horns on your head.
You are mostly covered in molten scales. (AC +3)
You sometimes gain power by taking damage.


Message History

Your Stealth skill gained 6 levels and is now at level 7!!!
You have reached level 2!!!
Your demonic ancestry asserts itself!!!
A pair of horns grows on your head!!!
You have reached level 3!!!
Your experience leads to an increase in your attributes!!!
Increase (S)trength, (I)ntelligence, or (D)exterity?
You feel agile! x2; Your demonic ancestry asserts itself!!!
Molten scales grow over part of your body!
You have reached level 4!!!
You feel agile!
Your demonic ancestry asserts itself!!!
Molten scales spread over more of your body!
You have reached level 5!!!
You have reached level 6!!!
Your demonic ancestry asserts itself!!!
The horns on your head grow some more!
You have reached level 7!!!
You have reached level 8!!!
You feel stronger!
Your demonic ancestry asserts itself!!!
The horns on your head grow some more!
You have reached level 9!!!
Your experience leads to an increase in your attributes!!!
Increase (S)trength, (I)ntelligence, or (D)exterity?
You feel agile! x2; Your demonic ancestry asserts itself!!!
You feel energised by your suffering!
You have reached level 10!!!
Your demonic ancestry asserts itself!!!
You feel even more energised by your suffering!
You have reached level 11!!!
You regained 14 hp, and now have 32/107 hp!
MP restored: 11 You carve the bag of meat like a ham!!!!!!
You chop the bag of meat into pieces!
You annihilate the bag of meat!!!
Makhleb roars: ANNIHILATED!
You feel better!
You hear a shout!!! x3
The meat berserker hits you with a +9 BATTLEAXE!!!!!!!!!
DANG rip

...... .. .....
#. ....# #.. ...#
.. .###..
...###...
......###........
......_.).......
#....@# #_.<.O#
#.....#
......_.o...
......###......
.###.. .o.###..
#.. ...# . #.
...# .. .....


You could see a meat berserker (berserk) and 2 bags of meat.

Vanquished Creatures
  An ogre (D)
  An orc (D)
2 creatures vanquished.

Notes
Turn   | Place    | Note
-------+----------+-------------------------------------------
     0 | D        | Found the +∞ Axe of Woe
     0 | D        | namelastname112 the Demonspawn Monk began the quest for the
                  | Orb.
     0 | D        | Reached XP level 1. HP: 18/18 MP: 1/1
     2 | D        | Noticed a bag of meat
     3 | D        | Noticed a meat berserker
     4 | D        | Became a worshipper of Makhleb the Destroyer
     4 | D        | Reached * piety under Makhleb
     4 | D        | Reached ** piety under Makhleb
     4 | D        | Noticed a bag of meat
     4 | D        | Noticed a bag of meat
     8 | D        | Noticed a meat berserker
     8 | D        | Killed a meat berserker
     8 | D        | Noticed a bag of meat
     9 | D        | Reached skill level 17 in Fighting
     9 | D        | Reached skill level 15 in Axes
     9 | D        | Reached skill level 15 in Dodging
     9 | D        | Gained mutation: You have a pair of small horns on your
                  | head. [demonic ancestry]
     9 | D        | Reached XP level 2. HP: 14/47 MP: 2/2
     9 | D        | Gained mutation: You are partially covered in molten
                  | scales. (AC +2) [demonic ancestry]
     9 | D        | Reached XP level 3. HP: 16/53 MP: 3/3
     9 | D        | Gained mutation: You are mostly covered in molten scales.
                  | (AC +3) [demonic ancestry]
     9 | D        | Reached XP level 4. HP: 18/60 MP: 4/4
     9 | D        | Reached XP level 5. HP: 20/67 MP: 5/5
     9 | D        | Gained mutation: You have a pair of horns on your head.
                  | [demonic ancestry]
     9 | D        | Reached XP level 6. HP: 22/74 MP: 6/6
     9 | D        | Reached XP level 7. HP: 24/80 MP: 7/7
     9 | D        | Gained mutation: You have a pair of large horns on your
                  | head. [demonic ancestry]
     9 | D        | Reached XP level 8. HP: 26/87 MP: 8/8
     9 | D        | Gained mutation: You sometimes gain a little power by
                  | taking damage. [demonic ancestry]
     9 | D        | Reached XP level 9. HP: 28/94 MP: 9/9
     9 | D        | Gained mutation: You sometimes gain power by taking damage.
                  | [demonic ancestry]
     9 | D        | Reached XP level 10. HP: 30/101 MP: 10/10
     9 | D        | Reached XP level 11. HP: 32/107 MP: 11/11
     9 | D        | Killed a bag of meat
     9 | D        | Mangled by a meat berserker

Illustrated notes

Levels and vault maps discovered:
D:        meatsprint

Skill      XL: |  1 |
---------------+----+-----
Fighting       | 17 | 17.2
Axes           | 15 | 15.9
Dodging        | 15 | 15.7
Stealth        | 7 |  7.1

Action                   |  1- 3 |  4- 6 |  7- 9 | 10-12 || total
-------------------------+-------+-------+-------+-------++-------
Melee: Executioner's axe |     1 |       |       |     1 ||     2

Table legend: (Time is in decaauts)
 A = Elapsed time spent in this place.
 B = Non-inter-level travel time spent in this place.
 C = Inter-level travel time spent in this place.
 D = Time resting spent in this place.
 E = Time spent auto-exploring this place.
 F = Levels seen in this place.
 G = Mean time per level.
                   A        B        C        D        E       F      G
               +--------+--------+--------+--------+--------+-----+--------+
         Total |      9 |      9 |      0 |      0 |      0 |   1 |    9.0 |
       Dungeon |      9 |      9 |      0 |      0 |      0 |   1 |    9.0 |
               +--------+--------+--------+--------+--------+-----+--------+

Top non-repeatable levels by time:
       D: 9 daAuts
